 Dungeon Crawl Stone Soup version 0.27-a0-1500-g450c7e4133 (webtiles) character file.

Game seed: 5476810165777060597

6 dickylongcocking the Insei (level 2, 0/23 HPs)
             Began as a Djinni Wanderer on July 8, 2021.
             Slain by a goblin (2 damage)
             ... on level 1 of the Dungeon.
             The game lasted 00:00:17 (158 turns).

dickylongcocking the Insei (Djinni Wanderer)         Turns: 158, Time: 00:00:18

Health: 0/23       AC:  5    Str:  9    XL:     2   Next: 0%
Gold:   11         EV: 11    Int: 15    God:
                   SH:  0    Dex: 12

rFire    + + .     SeeInvis .   a - +0 dagger
rCold    x . .     Faith    .   (no shield)
rNeg     . . .     Spirit   .   b - +2 leather armour
rPois    ∞         Reflect  .   (no helmet)
rElec    .         Harm     .   (no cloak)
rCorr    .         Rampage  .   (no gloves)
Will     .....                  (boots unavailable)
Stlth    +.........             (no amulet)
HPRegen  0.07/turn              (no ring)
MPRegen  0.00/turn              (no ring)

@: flying
A: sickness immunity, fire resistance 2, cold vulnerability 1, float, innate
caster, hp casting, extra vitality 1
a: no special abilities


You were on level 1 of the Dungeon.
You visited 1 branch of the dungeon, and saw 1 of its levels.

You collected 11 gold pieces.

Inventory:

Hand Weapons
 a - a +0 dagger (weapon)
Armour
 b - a +2 leather armour (worn)
Scrolls
 c - a scroll of acquirement {unknown}
 d - a scroll of fear {unknown}


   Skills:
 + Level 2.0 Fighting
 + Level 0.3 Short Blades
 + Level 1.0 Throwing
 + Level 2.0 Armour
 + Level 1.2 Dodging
 + Level 3.2 Unarmed Combat
 + Level 1.0 Evocations


You couldn't memorise any spells.
You knew the following spells:

 Your Spells              Type           Power      Damage    Failure   Level
a - Wereblood             Tmut           0%         N/A       50%         2
b - Passwall              Tmut/Erth      0%         N/A       50%         2
c - Foxfire               Conj/Fire      0%         2x1d4     36%         1
d - Inner Flame           Hex/Fire       0%         N/A       73%         3

Your spell library contained the following spells:

 Spells                   Type           Power      Damage    Failure   Level


Dungeon Overview and Level Annotations

Branches:
Dungeon (1/15)

Altars:


Innate Abilities, Weirdness & Mutations

You are immune to sickness and miasma.
You are immune to poison.
Your flesh is very heat resistant. (rF++)
You are vulnerable to cold. (rC-)
You float through the air rather than walking.
You learn spells naturally, not from books.
Your magical power is your life essence.
You have superior vitality. (+4 HP)


Message History

The rat barely misses you. The goblin hits you with a +0 club.
The goblin hits you but does no damage.
You have reached level 2!
You are too injured to fight recklessly!
You completely miss the goblin. The rat closely misses you.
The goblin hits you but does no damage. The goblin barely misses you.
You are too injured to fight recklessly!
You barely miss the goblin. The rat bites you. The goblin barely misses you.
The goblin closely misses you.
You are too injured to fight recklessly!
Unknown command.
You hit the goblin.
The goblin is severely wounded.
The rat closely misses you. The goblin closely misses you.
The goblin hits you with a +0 club.
You are too injured to fight recklessly!
Unknown command.
You hit the goblin but do no damage.
The goblin is severely wounded.
The rat bites you but does no damage. The goblin completely misses you.
You are too injured to fight recklessly!
Unknown command.
You barely miss the goblin.
The goblin is severely wounded.
The goblin hits you with a +0 club.
* * * LOW HITPOINT WARNING * * *
The goblin closely misses you. The rat bites you.
* * * LOW HITPOINT WARNING * * *
You are too injured to fight recklessly!
Unknown command.
You closely miss the goblin.
The goblin is severely wounded.
The goblin closely misses you. The goblin completely misses you.
The rat closely misses you.
You are too injured to fight recklessly!
Unknown command.
You barely miss the goblin.
The goblin is severely wounded.
The goblin hits you with a +0 club.
You die...

...##.#...# ###.#.# ##
..# #.#...# ##.#†#.#
..##....#...###.......
.#..#.........#.#.#.# ##
...###.#......>......
.#. #..#..#.######.#.#.#
....##...##.#####.......
#......g.........#.#.#.#
......g@.##.############
.#..#.r#..#.########
###...###...........
.#..#..#...######### ...
#......# ## #.....##
#######


You could see 2 goblins and a rat.

Vanquished Creatures
  A giant cockroach (D:1)
  4 ball pythons (D:1)
  A frilled lizard (D:1)
  A rat (D:1)
7 creatures vanquished.

Notes
Turn   | Place    | Note
-------+----------+-------------------------------------------
     0 | D:1      | dickylongcocking the Djinni Wanderer began the quest for
                  | the Orb.
     0 | D:1      | Reached XP level 1. HP: 18/18 MP: 0/0
   152 | D:1      | Reached XP level 2. HP: 10/23 MP: 0/0
   158 | D:1      | Slain by a goblin

Illustrated notes

Levels and vault maps discovered:
D:1:      onia_arrival_handbag, layout_loops_ring, serial_bayou_pond_d,
          st_stairs_8, kennysheep_another_room, minmay_misc_feat_more_columns,
          minmay_strange_pillars

Action                   || total
-------------------------++-------
Melee: Dagger            ||    35
       Punch             ||     1
Armor: Leather armour    ||    12
Dodge: Dodged            ||    27

Table legend: (Time is in decaauts)
 A = Elapsed time spent in this place.
 B = Non-inter-level travel time spent in this place.
 C = Inter-level travel time spent in this place.
 D = Time resting spent in this place.
 E = Time spent auto-exploring this place.
 F = Levels seen in this place.
 G = Mean time per level.
                   A        B        C        D        E       F      G
               +--------+--------+--------+--------+--------+-----+--------+
         Total |    157 |    157 |      0 |      0 |     97 |   1 |  157.0 |
       Dungeon |    157 |    157 |      0 |      0 |     97 |   1 |  157.0 |
               +--------+--------+--------+--------+--------+-----+--------+

Top non-repeatable levels by time:
     D:1: 157 daAuts
